 Dungeon Crawl Stone Soup version 0.31-a0-210-gccc998df9b (webtiles) character file.

Game seed: 4653333047081548095

45 qw the Shooter (level 3, -3/21 HPs)
             Began as a Gargoyle Hexslinger on June 30, 2023.
             Slain by a goblin
             ... wielding a +0 club
             ... led by Robin
              (4 damage)
             ... on level 2 of the Dungeon.
             The game lasted 00:00:29 (976 turns).

qw the Shooter (Gargoyle Hexslinger)                 Turns: 976, Time: 00:00:29

Health: -3/21      AC:  5    Str: 11    XL:     3   Next: 64%
Magic:  4/4        EV: 12    Int: 13    God:
Gold:   97         SH:  0    Dex: 14    Spells: 3/4 levels left

rFire   . . .        Y - +2 sling
rCold   . . .        (no shield)
rNeg    + . .        c - +0 robe
rPois   inf          (no helmet)
rElec   +            (no cloak)
rCorr   .            (no gloves)
SInv    .            (no boots)
Will    .....        (no amulet)
Stlth   +            (no ring)
HPRegen 0.23/turn    (no ring)
MPRegen 0.09/turn

%: no passive effects
@: no status effects
A: sickness immunity, AC +3, negative energy resistance 1, electricity
resistance, torment resistance 1, petrification resistance
a: no special abilities


You were on level 2 of the Dungeon.
You visited 1 branch of the dungeon, and saw 2 of its levels.

You collected 97 gold pieces.


Innate Abilities, Weirdness & Mutations

You are immune to sickness and miasma.
Your stone body is resilient. (AC +3)
You are immune to poison.
You resist negative energy. (rN+)
You are resistant to electric shocks. (rElec)
You are resistant to unholy torment.
You are immune to petrification.


   Skills:
 - Level 2.0 Fighting
 + Level 3.5 Ranged Weapons
 - Level 1.5 Dodging
 - Level 1.0 Spellcasting
 - Level 2.6 Hexes


You had 3 spell levels left.
You knew the following spells:

 Your Spells              Type           Power      Damage    Failure   Level
a - Slow                  Hex            28%        N/A       10%         1

Your spell library contained the following spells:

 Spells                   Type           Power      Damage    Failure   Level
 Inner Flame              Hex/Fire       4%         N/A       43%         3
 Portal Projectile        Hex/Tloc       8%         N/A       43%         3
 Cause Fear               Hex            3%         N/A       67%         4

Inventory:

Hand Weapons
 Y - a +2 sling (weapon)
Armour
 c - a +0 robe (worn)
 g - a +0 ring mail
Jewellery
 a - a ring of positive energy
Scrolls
 e - a scroll of identify {unknown}
Potions
 b - a potion of mutation {unknown}
 d - a potion of brilliance {unknown}
 f - a potion of attraction {unknown}

Dungeon Overview and Level Annotations

Branches:
Dungeon (2/15)

Altars:

Annotations:
D:2 Robin


Message History

The goblin closely misses you. The goblin hits you but does no damage.
You shoot a sling bullet.
The sling bullet barely misses the goblin.
The goblin misses you. x2
You shoot a sling bullet.
The sling bullet barely misses the goblin.
The sling bullet hits the goblin.
The goblin is heavily wounded.
The goblin hits you with a +0 club. The goblin closely misses you.
You shoot a sling bullet.
The sling bullet barely misses the goblin.
The goblin barely misses you.
The goblin hits you but does no damage. x2
You shoot a sling bullet.
The sling bullet closely misses the goblin.
The goblin hits you with a +0 club. The goblin misses you.
The goblin closely misses you. The goblin misses you.
The goblin hits you but does no damage. The goblin barely misses you.
You shoot a sling bullet. The sling bullet hits the goblin.
You kill the goblin!
The goblin hits you with a +0 club.
A goblin comes into view. It is wielding a +0 club.
Robin throws the goblin at you! The goblin barely misses you.
The goblin hits you with a +0 club.
You shoot a sling bullet. The sling bullet hits the goblin!
You kill the goblin!
The goblin misses you. The goblin hits you with a +0 dagger.
You shoot a sling bullet.
The sling bullet barely misses the goblin.
The goblin hits you with a +0 club. The goblin hits you but does no damage.
The goblin closely misses you.
You shoot a sling bullet.
The sling bullet completely misses Robin.
The goblin hits you but does no damage. x2; The goblin barely misses you.
You shoot a sling bullet. The sling bullet hits Robin.
Robin is moderately wounded.
The goblin no longer looks unusually strong.
The goblin hits you but does no damage. The goblin misses you.
The goblin barely misses you. Robin misses you.
The goblin hits you with a +0 dagger. The goblin hits you with a +0 club.
You die...

#<........<.#.###.# ##.###
#.##..............#####.#.
########.###.......#.####.......#
.........# #.......#.# #.####...
########## #####.###.# #.# #..# #
#.# #.# #.# #..# # #.# #.# #.#
#.># # ############ #g# #.## #.#
#..# # #..........###@#..... ..#
#..# # #.########..%ggg.### ..#
#..# ###.# #.###.g.# #.. .##.#
#.# ###.# ..).# #.# .# .#### #.#
)# ## #.# . . ..) . # ###


You could see Robin and 4 goblins.

Vanquished Creatures
  4 bats (D:1)
  2 endoplasms
  A giant cockroach (D:1)
  15 goblins
  2 hobgoblins (D:1)
  6 ball pythons
  2 frilled lizards
  6 kobolds (D:1)
  2 rats (D:1)
40 creatures vanquished.

Notes
Turn   | Place    | Note
-------+----------+-------------------------------------------
     0 | D:1      | qw the Gargoyle Hexslinger began the quest for the Orb.
     0 | D:1      | Reached XP level 1. HP: 12/12 MP: 2/2
     0 | D:1      | 0 ||| qw: Version: 0.3-a-26-gee661ec
     0 | D:1      | 0 ||| qw: Game counter: 7269
     0 | D:1      | 0 ||| qw: Melee chars always use a shield: true
     0 | D:1      | 0 ||| qw: God list: Okawaru
     0 | D:1      | 0 ||| qw: Allow faded altars: false
     0 | D:1      | 0 ||| qw: Do Orc after clearing Dungeon:15 true
     0 | D:1      | 0 ||| qw: Do second Lair branch before Depths: true
     0 | D:1      | 0 ||| qw: Lair rune preference: random
     0 | D:1      | 0 ||| qw: Goals: Normal
     0 | D:1      | 0 ||| PLANNING D:1-11
    96 | D:1      | Reached XP level 2. HP: 10/16 MP: 3/3
    97 | D:1      | 97 ||| FLEEEEING.
    98 | D:1      | 98 ||| FLEEEEING.
    99 | D:1      | 99 ||| FLEEEEING.
   100 | D:1      | 100 ||| FLEEEEING.
   101 | D:1      | 101 ||| FLEEEEING.
   102 | D:1      | 102 ||| FLEEEEING.
   103 | D:1      | 103 ||| FLEEEEING.
   104 | D:1      | 104 ||| FLEEEEING.
   105 | D:1      | 105 ||| FLEEEEING.
   106 | D:1      | 106 ||| FLEEEEING.
   107 | D:1      | 107 ||| FLEEEEING.
   108 | D:1      | 108 ||| FLEEEEING.
   109 | D:1      | 109 ||| FLEEEEING.
   110 | D:1      | 110 ||| FLEEEEING.
   111 | D:1      | 111 ||| FLEEEEING.
   113 | D:1      | 113 ||| FLEEEEING.
   115 | D:1      | 115 ||| FLEEEEING.
   264 | D:1      | Reached skill level 3 in Ranged Weapons
   388 | D:1      | Reached XP level 3. HP: 21/21 MP: 4/4
   705 | D:1      | 705 ||| READING 2 scrolls labelled FEOTRO SEMO.
   706 | D:1      | 706 ||| READING scroll labelled OPHEGG VARIOSK.
   707 | D:1      | 707 ||| READING scroll labelled VUSIPO ARULEOMN.
   708 | D:1      | 708 ||| DROPPING scroll of immolation.
   709 | D:1      | 709 ||| DROPPING scroll of poison.
   962 | D:2      | Noticed Robin
   974 | D:2      | HP: 1/21 [goblin/+0 club[Robin] (6)]
   976 | D:2      | Slain by a goblin

Levels and vault maps discovered:
D:1:      minmay_arrival_diagonal_passages, layout_loops_cross
D:2:      minmay_alternating_diamond, layout_loops_ring, nrook_campfire,
          uniq_robin

Skill      XL: |  1  2 |
---------------+-------+-----
Ranged Weapons | 3 |  3.5
Fighting       | 2 |  2.0
Dodging        | |  1.5
Spellcasting   | |  1.0
Hexes          | |  2.6

Action                     || total
---------------------------++-------
   Fire: Sling             ||   115
    Use: Scroll            ||     3
 Armour: Robe              ||    24
  Dodge: Dodged            ||    37

Table legend:
 A = Non-vault XP
 B = Vault XP
 C = Vault XP percentage of total XP
 D = Non-vault monster count
 E = Vault monster count
 F = Vault count percentage of total count
                 A         B        C        D         E       F
            +---------+---------+-------+---------+---------+-------
      Total |      54 |      11 |  16.9 |      33 |       7 |  17.5
            +---------+---------+-------+---------+---------+-------
        D:1 |      41 |       0 |   0.0 |      25 |       0 |   0.0
        D:2 |      13 |      11 |  45.8 |       8 |       7 |  46.7
            +---------+---------+-------+---------+---------+-------
